[Event "Early-Titled-Tuesday-Blitz-September-26-2023"]
[Site "Chess.com"]
[Date "2023.09.26"]
[Round "5"]
[White "seopie"]
[Black "ArmanGhevondyanchess"]
[Result "0-1"]
[WhiteElo "2813"]
[BlackElo "2604"]
[TimeControl "180+1"]
[EndTime "8:58:05 PDT"]
[Termination "ArmanGhevondyanchess won by resignation"]

1. e4 c5 2. Nf3 Nc6 3. d4 cxd4 4. Nxd4 g6 5. c4 Bg7 6. Be3 Nf6 7. Nc3 O-O 8. Be2 d6 9. O-O Nxd4 10. Bxd4 a5 11. a4 Bd7 12. b3 Bc6 13. Re1 Nd7 14. Bxg7 Kxg7 15. Bf1 Nc5 16. Rb1 e5 17. f3 f5 18.
exf5 gxf5 19. f4 Ne4 20. Nxe4 Bxe4 21. Bd3 Qb6+ 22. Kh1 Bxd3 23. Qxd3 Rae8 24. Rbd1 Re6 25. h3 Rf7 26. Qd5 Rfe7 27. Rd3 Qf2 28. Rde3 Qxf4 29.
c5 dxc5 30. Qxc5 b6 31. Qd5 e4 32. Qd1 Rd6 33. Qc2 Red7 34. Qc3+ Kh6 35. Qh8 Rg6 36. Qf8+ Rdg7 37. R3e2 Qh4 38. Qxf5 Rxg2 39. Rxe4 Rh2+ 0-1

[Event "Early-Titled-Tuesday-Blitz-September-26-2023"]
[Site "Chess.com"]
[Date "2023.09.26"]
[Round "5"]
[White "elegant285"]
[Black "AleksandrAleksikov"]
[Result "1-0"]
[WhiteElo "2401"]
[BlackElo "2217"]
[TimeControl "180+1"]
[EndTime "8:58:06 PDT"]
[Termination "elegant285 won by resignation"]

1. d4 Nf6 2. c4 g6 3. Nc3 Bg7 4. e4 d6 5. Be2 O-O 6. Be3 e5 7. d5 a5 8. g4 Na6 9. h4 Nd7 10.
Qd2 f6 11. h5 Rf7 12. Nf3 g5 13. h6 Bf8 14. O-O-O Ndc5 15. Nxg5 fxg5 16. Bxg5 Be7 17.
Be3 Bd7 18. g5 Qf8 19. Bh5 Be8 20. Rdg1 Kh8 21. Kb1 Rf3 22. g6 hxg6 23. Bxg6 Bxg6 24. Rxg6 Nxe4 25. Nxe4 Qf5 26. Rhg1 Qxe4+ 27. Ka1 Nb4 28. a3 Nc2+ 29. Ka2 Nxe3 30. fxe3 Qxe3 31. Qg2 Bf6 32.
Rg8+ 1-0

[Event "Early-Titled-Tuesday-Blitz-September-26-2023"]
[Site "Chess.com"]
[Date "2023.09.26"]
[Round "5"]
[White "GaalZsoka"]
[Black "luizzy"]
[Result "0-1"]
[WhiteElo "2456"]
[BlackElo "2634"]
[TimeControl "180+1"]
[EndTime "8:58:07 PDT"]
[Termination "luizzy won on time"]

1. Nf3 d5 2. g3 Bg4 3. Bg2 Nd7 4. O-O c6 5. h3 Bh5 6. b3 e5 7. Bb2 Bd6 8. c4 Ngf6 9. d3 O-O 10. Nbd2 e4 11.
dxe4 dxe4 12. Nh4 e3 13. Nf5 exf2+ 14. Rxf2 Bc5 15. Bd4 Re8 16. Nf3 Ne4 17. Bxc5 Ndxc5 18. Rf1 Bg6 19. N3h4 Nxg3 20. Nxg3 Qxh4 21. Nf5 Bxf5 22. Rxf5 Rad8 23. Qf1 Re7 24. Rd1 Rxd1 25. Qxd1 Ne6 26.
Qd6 Qd4+ 27. Qxd4 Nxd4 28. Ra5 Nxe2+ 29. Kf2 a6 30. Rg5 h6 31. Rg4 Nc1 32. Be4 f5 33. Bc2 fxg4 0-1

[Event "Early-Titled-Tuesday-Blitz-September-26-2023"]
[Site "Chess.com"]
[Date "2023.09.26"]
[Round "5"]
[White "zimmm36"]
[Black "Zhigalko_Sergei"]
[Result "1-0"]
[WhiteElo "2700"]
[BlackElo "2829"]
[TimeControl "180+1"]
[EndTime "8:58:08 PDT"]
[Termination "zimmm36 won on time"]

1. c4 e5 2. g3 Nf6 3. Bg2 c6 4. Nf3 d6 5. Nc3 Be7 6. d4 e4 7. Nh4 O-O 8. O-O h6 9. Bh1 d5 10. cxd5 cxd5 11. f3 Nc6 12. fxe4 Nxe4 13. Nf5 Nxc3 14.
bxc3 Bg5 15. Ne3 Be6 16. h4 Be7 17. Nf5 Rc8 18. Qd3 Qd7 19. Bg2 Rfe8 20. Bd2 Bf8 21. Rf2 Na5 22. Raf1 Nc4 23. Bc1 Nd6 24. g4 Ne4 25. Bxe4 dxe4 26. Qg3 Qc7 27. Bf4 Qxc3 28.
e3 Rc6 29. Be5 b5 30. d5 Qc5 31. dxc6 Qxc6 32. Nd4 Qd5 33. Nxe6 Rxe6 34. Bd4 Bd6 35.
Qg2 Rg6 36. Rxf7 Qe6 37. g5 a5 38. h5 Rxg5 39. Qxg5 hxg5 40. Rxg7+ Kh8 41. Rg6+ Qe5 42.
Rxd6 Qxd4 43. Rxd4 1-0

[Event "Early-Titled-Tuesday-Blitz-September-26-2023"]
[Site "Chess.com"]
[Date "2023.09.26"]
[Round "5"]
[White "borocotoajua"]
[Black "stepanosinovsky"]
[Result "0-1"]
[WhiteElo "2591"]
[BlackElo "2368"]
[TimeControl "180+1"]
[EndTime "8:58:08 PDT"]
[Termination "stepanosinovsky won by resignation"]

1. d4 Nf6 2. Nf3 g6 3. c4 Bg7 4. g3 O-O 5. Bg2 d6 6. O-O Nbd7 7. Qc2 e5 8. Rd1 Re8 9. Nc3 c6 10. e4 exd4 11. Nxd4 Nc5 12. Bf4 Ng4 13. b4 Ne6 14. Nxe6 Bxe6 15. c5 Qf6 16. e5 dxe5 17. Ne4 Qf5 18.
Bc1 Bd5 19. h3 Nxf2 20. Qxf2 Bxe4 21. Qxf5 Bxf5 22. Bb2 Rad8 23. g4 Bd3 24. b5 Bxb5 25. a4 Bd3 26. Bc3 f5 27. Ba5 Rd7 28. Ra3 e4 29.
gxf5 gxf5 30. Be1 Bd4+ 31. Kh1 Bxc5 32. Rb3 b6 33. a5 Red8 34. Bh4 Re8 35. Bf6 Kf7 36.
Ba1 Red8 37. axb6 axb6 38. h4 Bc2 39. Rxd7+ Rxd7 40. Rg3 Rd1+ 41. Kh2 Bd6 0-1

[Event "Early-Titled-Tuesday-Blitz-September-26-2023"]
[Site "Chess.com"]
[Date "2023.09.26"]
[Round "5"]
[White "ElenaPershina"]
[Black "vishwa_vijeta"]
[Result "0-1"]
[WhiteElo "2317"]
[BlackElo "2544"]
[TimeControl "180+1"]
[EndTime "8:58:08 PDT"]
[Termination "vishwa_vijeta won on time"]

1. e4 c5 2. Nf3 d6 3. Bb5+ Bd7 4. Bxd7+ Qxd7 5. c4 Nf6 6. Nc3 g6 7. d4 cxd4 8. Nxd4 Bg7 9. f3 O-O 10. Be3 Nc6 11.
O-O Rac8 12. Rc1 e6 13. Nxc6 bxc6 14. Qa4 Qb7 15. b3 a6 16. Rfd1 d5 17. exd5 cxd5 18.
c5 Nd7 19. b4 Ne5 20. Bd4 Nc4 21. Bxg7 Kxg7 22. Qb3 a5 23. a3 Rxc5 24. Na4 Rb5 25. Qc3+ Kg8 26. Nc5 axb4 27. axb4 Qb6 28. Kh1 Rxc5 29.
bxc5 Qxc5 30. Qd4 Qa3 31. Rxc4 dxc4 32. Qxc4 Kg7 33. Qd4+ Kg8 34. h3 Qe7 35. Kh2 e5 36.
Qd7 Qf6 37. Qd6 Qf4+ 38. Kh1 Kg7 39. Qd2 Qf5 40. Qd3 Qg5 41. Qd2 Qg3 42. Qd3 Rb8 43. Qd2 Rb6 44. Qe2 Qf4 45. Qd2 Qc4 46. Re1 Re6 47.
Qe2 Qd4 48. Qe4 Qd2 49. Qe2 Qd8 50. Qe4 f5 51. Qe2 Qe7 52. Qe3 e4 53. f4 Rd6 54.
Kh2 Qf6 55. Rc1 Rd7 56. Rc8 Qd4 57. Qc1 e3 58. Qb1 Qxf4+ 0-1

[Event "Early-Titled-Tuesday-Blitz-September-26-2023"]
[Site "Chess.com"]
[Date "2023.09.26"]
[Round "5"]
[White "angryspacevoid"]
[Black "TigranHH"]
[Result "0-1"]
[WhiteElo "2517"]
[BlackElo "2254"]
[TimeControl "180+1"]
[EndTime "8:58:08 PDT"]
[Termination "TigranHH won by checkmate"]

1. e4 c6 2. d4 d5 3. exd5 cxd5 4. Bd3 Nc6 5. c3 Qc7 6. Ne2 Bg4 7. h3 Bxe2 8. Qxe2 Nxd4 9. Qd1 Nc6 10. O-O e6 11. Na3 a6 12. Re1 Bc5 13. Qg4 Nge7 14.
Bf4 e5 15. Bg3 O-O 16. b4 Bd6 17. Rad1 f5 18. Qh5 g6 19. Qh6 e4 20. Bxd6 Qxd6 21. Bc4 Qe5 22. Bb3 Kh8 23. c4 d4 24. Nc2 Rad8 25. c5 f4 26. Qh4 Nf5 27. Qg4 e3 28. fxe3 fxe3 29. Bc4 Ng3 30. Bd3 Rf2 31. a4 Rdf8 32. b5 e2 33. Rd2 Rf1+ 34. Rxf1 exf1=Q+ 35. Bxf1 Rxf1+ 36. Kh2 Rh1# 0-1

[Event "Early-Titled-Tuesday-Blitz-September-26-2023"]
[Site "Chess.com"]
[Date "2023.09.26"]
[Round "5"]
[White "scarabee43"]
[Black "crazyluzhinTh3"]
[Result "1-0"]
[WhiteElo "2777"]
[BlackElo "2511"]
[TimeControl "180+1"]
[EndTime "8:58:09 PDT"]
[Termination "scarabee43 won by resignation"]

1. d4 d6 2. Nf3 Bg4 3. g3 Nf6 4. Bg2 Nbd7 5. O-O c6 6. h3 Bh5 7.
c4 e5 8. Nc3 Be7 9. b3 O-O 10.
Bb2 Re8 11. dxe5 dxe5 12. Nh4 Bf8 13. g4 Bg6 14. Nxg6 hxg6 15. Qc2 Qc7 16. Rad1 a5 17. e3 Nc5 18. g5 Nfd7 19. Ne4 Nxe4 20. Qxe4 Nc5 21.
Qg4 Rad8 22. h4 Nd3 23. Ba1 Nb4 24. Qe2 Qc8 25. Bc3 Qf5 26. a3 Qc2 27. Qxc2 Nxc2 28. Bxa5 Ra8 29. Bc7 Bxa3 30. Rd7 Bf8 31. Bb6 Rab8 32.
Ba7 Ra8 33. Rxb7 Nb4 34. Bb6 Rab8 35. Rxb8 Rxb8 36. c5 Na6 37. Rc1 Rc8 38. Bh3 Rb8 39.
Bd7 Nb4 40. e4 Rb7 41. Bg4 f6 42. Be6+ Kh7 43. Rd1 Be7 44. Kg2 Na6 45. Bc8 Nxc5 46. Bxc5 Rc7 47. Bxe7 Rxc8 48. gxf6 1-0

[Event "Early-Titled-Tuesday-Blitz-September-26-2023"]
[Site "Chess.com"]
[Date "2023.09.26"]
[Round "5"]
[White "pinguino120"]
[Black "IngOscarArdila"]
[Result "0-1"]
[WhiteElo "2211"]
[BlackElo "2388"]
[TimeControl "180+1"]
[EndTime "8:58:09 PDT"]
[Termination "IngOscarArdila won by checkmate"]

1. e4 e5 2. Nf3 Nf6 3. Nxe5 d6 4. Nf3 Nxe4 5. Nc3 Nxc3 6. dxc3 Be7 7. Be3 O-O 8. Qd2 Nd7 9. O-O-O Nf6 10. Bd3 c5 11. h4 b5 12. c4 Be6 13. cxb5 a6 14. bxa6 c4 15. Be2 Rxa6 16. a3 d5 17. Qe1 Bxa3 18.
bxa3 Rxa3 19. Bxc4 Qa8 20. Bb3 Ne4 21. Kb2 Rb8 22. Ra1 Rxa1 23. Qxa1 Qc6 24. Bd4 f6 25. Qa7 Rc8 26. Ra1 Nd6 27. Ra6 Nc4+ 28. Ka2 Qe8 29. Qb7 Rb8 30. Qc7 Ra8 31. Ra7 Rxa7+ 32.
Qxa7 h5 33. Bxc4 dxc4 34. c3 Bd5 35. Qa3 Qe2+ 36. Qb2 Qd1 37. Qd2 Qb3+ 38. Ka1 Be4 39. Qb2 Qd1+ 40. Ka2 Qa4+ 41. Qa3 Bb1+ 42. Kb2 Qc2+ 43.
Ka1 Qd1 44. Kb2 Bd3 45. Qa8+ Kh7 46. Ka2 Qb3+ 47. Ka1 Qb1# 0-1

[Event "Early-Titled-Tuesday-Blitz-September-26-2023"]
[Site "Chess.com"]
[Date "2023.09.26"]
[Round "5"]
[White "Zohid6"]
[Black "Journey_to_GrandMaster_YT"]
[Result "1-0"]
[WhiteElo "2779"]
[BlackElo "2601"]
[TimeControl "180+1"]
[EndTime "8:58:10 PDT"]
[Termination "Zohid6 won by resignation"]

1. d4 d6 2. Nc3 Nf6 3. e4 e5 4. dxe5 dxe5 5. Qxd8+ Kxd8 6. Bc4 Ke8 7. Nf3 Bd6 8. Be3 Nbd7 9. O-O-O a6 10. Bd3 b5 11.
a4 b4 12. Ne2 Bb7 13. Ng3 g6 14. b3 Ng4 15. Nd2 Nxe3 16. fxe3 Nc5 17. Nc4 Nxd3+ 18. cxd3 Rd8 19. Rhf1 Ke7 20. Kc2 f6 21. Rd2 h5 22.
h4 Bc8 23. Rdf2 Rhf8 24. Na5 Bd7 25. Nc4 Bc6 26. Ne2 Rf7 27. Rg1 f5 28. exf5 gxf5 29.
Ng3 Ke6 30. e4 Bc5 31. exf5+ Ke7 32. Nxe5 Rf6 33. Re2 Kf8 34. Rf1 Be8 35. Ne4 Be7 36. Nxf6 Bxf6 37. Rf4 Rd5 38. Ng6+ Kf7 39. Rxb4 Bd7 40.
Nf4 Rxf5 41. g3 Be5 42. Rc4 Bd6 43. Kd2 a5 44. Ke3 Re5+ 45. Kf2 Rf5 46. Re3 Bc5 47.
d4 Bd6 48. Rf3 Bc8 49. Nxh5 Rxf3+ 50. Kxf3 Bb7+ 51. Kf2 Bd5 52. Rc3 Kg6 53. Nf4+ 1-0

[Event "Early-Titled-Tuesday-Blitz-September-26-2023"]
[Site "Chess.com"]
[Date "2023.09.26"]
[Round "5"]
[White "wadsy27"]
[Black "PawnEatingZombie"]
[Result "1-0"]
[WhiteElo "2606"]
[BlackElo "2158"]
[TimeControl "180+1"]
[EndTime "8:58:10 PDT"]
[Termination "wadsy27 won on time"]

1. Nf3 c5 2. g3 Nc6 3. Bg2 e5 4.
c4 g6 5. Nc3 Bg7 6. d3 Nge7 7.
a3 O-O 8. O-O d6 9. Rb1 a5 10.
Ne1 Be6 11. Bg5 f6 12. Be3 b6 13. b4 axb4 14. axb4 Nxb4 15. Nc2 Nxc2 16. Qxc2 Rb8 17. Ra1 d5 18. cxd5 Nxd5 19. Nxd5 Bxd5 20. Bxd5+ Qxd5 21. Ra7 Rf7 22. Rfa1 Rbb7 23. Ra8+ Rf8 24. Rxf8+ Bxf8 25. Ra8 Kf7 26. Qa4 b5 27. Qh4 h5 28. Rxf8+ Kxf8 29. Qxf6+ Rf7 30. Qh8+ Ke7 31. Bg5+ Ke6 32. Qe8+ Kd6 33. Qb8+ Kc6 34. Qc8+ Rc7 35. Qa6+ Kd7 36. Qxb5+ Kc8 37. Qe8+ Kb7 38. Qxg6 c4 39. dxc4 Rxc4 40. Qxh5 Rc2 41. Qh7+ 1-0

[Event "Early-Titled-Tuesday-Blitz-September-26-2023"]
[Site "Chess.com"]
[Date "2023.09.26"]
[Round "5"]
[White "GradualismUnleashed"]
[Black "ploxoi"]
[Result "1-0"]
[WhiteElo "2601"]
[BlackElo "2420"]
[TimeControl "180+1"]
[EndTime "8:58:11 PDT"]
[Termination "GradualismUnleashed won by resignation"]

1. e4 c5 2. Nf3 e6 3. d4 cxd4 4. Nxd4 Nc6 5. Nc3 Qc7 6. Be3 a6 7. Be2 Nf6 8. O-O Be7 9. f4 d6 10. Qe1 Nxd4 11. Bxd4 e5 12. Be3 O-O 13. f5 b5 14. a3 Bb7 15. Bf3 Rfd8 16. Rd1 Rac8 17. g4 Qc4 18. Bb6 Rd7 19. g5 Ne8 20. f6 Bd8 21.
Bf2 Ba5 22. Bg4 Rdd8 23. Bxc8 Bxc8 24. b4 Bc7 25. Nd5 Bh3 26. Qe3 Bxf1 27. Rxf1 Rd7 28. fxg7 Bd8 29. Bg3 Nc7 30. Nf6+ Bxf6 31. gxf6 Ne6 32.
Qd3 Qxd3 33. cxd3 Rc7 34. Bf2 Rc3 35. Be3 h5 36. Rc1 Rxc1+ 37. Bxc1 Nd4 38. Kf2 Nc6 39. Bb2 a5 40. bxa5 Nxa5 41. Ke3 Nb7 42. d4 exd4+ 43. Bxd4 Nd8 44. Kd3 Ne6 45. Kc3 Nc7 46. Kb4 h4 47. h3 d5 48. exd5 Nxd5+ 49. Kxb5 Nf4 50. a4 Nxh3 51. a5 Nf4 52. a6 h3 53. a7 1-0

[Event "Early-Titled-Tuesday-Blitz-September-26-2023"]
[Site "Chess.com"]
[Date "2023.09.26"]
[Round "5"]
[White "Kaiyrbekov"]
[Black "Jaka_Brilej"]
[Result "1-0"]
[WhiteElo "1631"]
[BlackElo "2506"]
[TimeControl "180+1"]
[EndTime "8:58:11 PDT"]
[Termination "Kaiyrbekov won by checkmate"]

1. e4 e6 2. d4 d5 3. e5 c5 4.
c3 Nc6 5. Nf3 Qb6 6. a3 Nh6 7.
b4 cxd4 8. Bxh6 gxh6 9. cxd4 Bg7 10. Nc3 O-O 11. b5 Ne7 12. Bd3 f6 13. O-O f5 14.
Ne2 Ng6 15. h4 h5 16. Qd2 Bd7 17. a4 Qd8 18. Nf4 Nxh4 19. Nxh4 Qxh4 20. g3 Qg5 21. Kg2 h4 22. Rh1 hxg3 23. fxg3 Qe7 24. Rh2 Be8 25. Rg1 Bg6 26. Kh1 Rac8 27. g4 Rf7 28. Nxg6 hxg6 29. gxf5 exf5 30. Rxg6 Qa3 31. Rg1 Kf8 32. Rh7 Qc3 33. Qe3 f4 34. Qh3 f3 35.
Rhxg7 Rxg7 36. Qh8+ Ke7 37. Qxg7+ Kd8 38. Qf6+ Kc7 39. Qd6# 1-0

[Event "Early-Titled-Tuesday-Blitz-September-26-2023"]
[Site "Chess.com"]
[Date "2023.09.26"]
[Round "5"]
[White "lrestevez"]
[Black "maracayo"]
[Result "0-1"]
[WhiteElo "2205"]
[BlackElo "2385"]
[TimeControl "180+1"]
[EndTime "8:58:13 PDT"]
[Termination "maracayo won by checkmate"]

1. e4 d6 2. d4 Nf6 3. Nc3 c6 4. Be3 Qa5 5. Qd2 e5 6. dxe5 dxe5 7. Nge2 Be7 8. Nc1 O-O 9. Nb3 Qc7 10. Bd3 Nbd7 11.
O-O b5 12. a4 b4 13. Ne2 c5 14.
Bc4 Nb6 15. Bb5 Nxe4 16. Qe1 Be6 17. a5 Nc4 18. Ng3 Ned6 19. Ba4 Nxe3 20. Qxe3 Nc4 21. Qc1 Rad8 22. Bb5 Qb7 23. Bxc4 Bxc4 24. Rd1 Rxd1+ 25. Qxd1 Rd8 26. Qe1 Qd5 27. Nf5 Bf8 28. h4 Bxb3 29.
cxb3 g6 30. Ne3 Qxb3 31. Qe2 e4 32. h5 Bh6 33. hxg6 hxg6 34. Ng4 Bg7 35. Qxe4 Qxb2 36. Rf1 Qd4 37. Qe2 c4 38. Ne3 c3 39. Rd1 Qf6 40.
Rxd8+ Qxd8 41. Qc4 Qb8 42. a6 b3 43. Nd5 b2 44.
Ne7+ Kf8 45. Qc5 b1=Q# 0-1

[Event "Early-Titled-Tuesday-Blitz-September-26-2023"]
[Site "Chess.com"]
[Date "2023.09.26"]
[Round "5"]
[White "wannabe2700"]
[Black "artin10862"]
[Result "1-0"]
[WhiteElo "2659"]
[BlackElo "2888"]
[TimeControl "180+1"]
[EndTime "8:58:14 PDT"]
[Termination "wannabe2700 won by checkmate"]

1. f4 Nf6 2. Nf3 g6 3. g3 Bg7 4. Bg2 O-O 5. O-O c5 6. d3 d5 7. c3 Nc6 8. Na3 d4 9. e4 dxe3 10. Bxe3 Nd5 11. Bxc5 Qa5 12. d4 Ne3 13. Qb3 Nxg2 14. Kxg2 b6 15. Bb4 Qh5 16. Rfe1 Bb7 17. d5 Nxb4 18. Qxb4 Qxd5 19. Rf1 Qd2+ 20. Rf2 Qd7 21.
Re1 e6 22. Nc4 Rac8 23. Ne5 Qc7 24. Rd2 Rfd8 25. Red1 Bf8 26. Qa4 Bd5 27. c4 Bxf3+ 28. Kxf3 Qb7+ 29. Kg4 h5+ 30. Kh3 Rxd2 31. Rxd2 Rc7 32.
Rd8 Kg7 33. Qe8 Bc5 34. Qh8# 1-0

[Event "Early-Titled-Tuesday-Blitz-September-26-2023"]
[Site "Chess.com"]
[Date "2023.09.26"]
[Round "5"]
[White "giomar27"]
[Black "Sinquefield"]
[Result "0-1"]
[WhiteElo "2271"]
[BlackElo "2535"]
[TimeControl "180+1"]
[EndTime "8:58:14 PDT"]
[Termination "Sinquefield won by resignation"]

1. d4 Nf6 2. Nc3 d6 3. e4 Nbd7 4. Bg5 e5 5. Nf3 Be7 6. Bc4 O-O 7. O-O c6 8. a4 b6 9. Re1 a6 10. Qd2 Rb8 11. Bf1 b5 12. axb5 axb5 13. h3 Re8 14. d5 cxd5 15. exd5 b4 16. Nb5 Nc5 17. Na7 Nfe4 18. Bxe7 Qxe7 19. Nc6 Nxd2 20. Nxe7+ Rxe7 21. Nxd2 Bf5 22. Nc4 Rd7 23. Ne3 Bg6 24. Bb5 Rdd8 25. Bc6 h6 26. Ra7 f5 27. Nc4 f4 28. Rea1 Bxc2 29.
Rc7 Rbc8 30. Re7 Ba4 31. Bxa4 Nxa4 32. Nxd6 Rxd6 33. Rxa4 Rxd5 34. Raa7 Rc1+ 35. Kh2 Rdd1 36. Rxg7+ Kf8 37. Raf7+ Ke8 38. g3 Rh1+ 39. Kg2 Rhg1+ 40.
Kf3 fxg3 41. Re7+ Kd8 42. Rd7+ Kc8 43. fxg3 Rgf1+ 44. Ke4 Rce1+ 45. Kd5 Rd1+ 46. Kc6 Rxd7 47. Rxd7 Rc1+ 0-1

[Event "Early-Titled-Tuesday-Blitz-September-26-2023"]
[Site "Chess.com"]
[Date "2023.09.26"]
[Round "5"]
[White "HrvojeZagreb"]
[Black "kleopl"]
[Result "0-1"]
[WhiteElo "2286"]
[BlackElo "2464"]
[TimeControl "180+1"]
[EndTime "8:58:14 PDT"]
[Termination "kleopl won by resignation"]

1. f4 c5 2. e4 Nc6 3. Nf3 d5 4. e5 Bg4 5. Be2 e6 6. O-O Nge7 7. c3 Nf5 8. Qe1 Be7 9. Na3 h5 10. Nc2 Qb6 11. a4 c4+ 12. Kh1 h4 13. Nfd4 Ncxd4 14. Nxd4 Nxd4 15. cxd4 Bxe2 16. Qxe2 Qxd4 17. Ra3 Bxa3 18.
bxa3 h3 19. g3 Qd3 20. Qxd3 cxd3 21. Bb2 Rc8 22. Bc3 Rc4 23. a5 d4 24. Bb4 Kd7 25. Kg1 Rhc8 26. Rf3 Rc1+ 27. Kf2 Rh1 28. Rxd3 Rxh2+ 29.
Kf3 Rc4 30. g4 Rg2 31. Ke4 h2 32. Rh3 d3+ 33. Kf3 Re2 34. Kg3 g6 35. Rxh2 Rxh2 36. Kxh2 Rxf4 37. Kg3 Re4 38. Bc3 Kc6 39. Kf3 Kd5 40.
Kg3 Rxe5 41. Bxe5 Kxe5 42. Kf3 Kd4 43. Kf4 f6 44. g5 e5+ 45. Kg4 f5+ 46. Kf3 a6 47.
Kg3 Ke4 48. a4 f4+ 49. Kg4 f3 50. Kg3 Kf5 51. Kxf3 e4+ 52. Ke3 Ke5 53. Kf2 Kf4 54. Kg2 Kxg5 0-1

[Event "Early-Titled-Tuesday-Blitz-September-26-2023"]
[Site "Chess.com"]
[Date "2023.09.26"]
[Round "5"]
[White "PedroGil25"]
[Black "Mr_Lion22"]
[Result "1-0"]
[WhiteElo "2342"]
[BlackElo "2462"]
[TimeControl "180+1"]
[EndTime "8:58:16 PDT"]
[Termination "PedroGil25 won by resignation"]

1. c4 e5 2. Nf3 Nc6 3. Nc3 f5 4. d4 e4 5. Ne5 Nxe5 6. dxe5 Bb4 7. Qb3 Qe7 8. a3 Bxc3+ 9. Qxc3 Nh6 10. Bxh6 gxh6 11.
e6 O-O 12. exd7 Bxd7 13. e3 Bc6 14. Be2 Rad8 15. O-O Qf6 16. Qxf6 Rxf6 17. Rfd1 Rfd6 18. Kf1 Ba4 19. Rxd6 Rxd6 20. Ke1 c5 21. b4 b6 22. Rb1 Kf7 23. bxc5 bxc5 24. Rb8 Kf6 25. h4 Ke5 26.
f4+ exf3 27. gxf3 f4 28. exf4+ Kxf4 29. Kf2 Bd1 30. Rf8+ Ke5 31. Rf7 Rd2 32. Re7+ Kf5 33. Ke1 Rxe2+ 34. Rxe2 Bxe2 35. Kxe2 Kg6 36. Kf2 Kh5 37.
Kg3 a6 38. f4 Kg6 39. Kf3 Kf5 40. h5 a5 41. a4 Kf6 42. Ke4 Ke6 43. f5+ Kf6 44.
Kf4 Kf7 45. Ke5 Ke7 46. Kd5 Kf6 47. Kxc5 Kxf5 48. Kb5 Kg5 49. c5 Kxh5 50. c6 Kg6 51. c7 1-0

[Event "Early-Titled-Tuesday-Blitz-September-26-2023"]
[Site "Chess.com"]
[Date "2023.09.26"]
[Round "5"]
[White "Likvidator228"]
[Black "CheckThis4"]
[Result "0-1"]
[WhiteElo "2537"]
[BlackElo "2682"]
[TimeControl "180+1"]
[EndTime "8:58:17 PDT"]
[Termination "CheckThis4 won by checkmate"]

1. d4 Nf6 2. Bf4 d5 3. e3 c5 4. c3 Nc6 5. Nd2 cxd4 6. exd4 Bf5 7. Qb3 Qc8 8. Ngf3 e6 9. h3 Be7 10. Be2 O-O 11. O-O h6 12. Rfe1 a6 13. a4 Re8 14.
Ne5 Nxe5 15. Bxe5 Nd7 16. Bf4 Qc6 17. Nf3 Bd6 18. Bxd6 Qxd6 19. a5 Qc7 20. Qb4 Rac8 21. Bf1 Nb8 22. Ne5 f6 23. Nd3 Nc6 24. Qa4 e5 25.
dxe5 fxe5 26. Nc5 Nxa5 27. Qxa5 Qxc5 28. Qa4 Kh7 29. Rad1 Bg6 30. Re3 Rcd8 31. Qg4 Qc6 32. Rg3 Qf6 33. Qb4 Rd7 34. Be2 e4 35. Bg4 Rf7 36.
Rd2 h5 37. Bd1 Qf4 38. Re3 Re5 39. g3 Qf6 40. h4 Rf5 41. Ree2 e3 42. fxe3 Rf1+ 43.
Kh2 Qf3 44. Rg2 Rxd1 45. Rdf2 Qxf2 46. Rxf2 Rxf2+ 47. Kh3 Rh1# 0-1

[Event "Early-Titled-Tuesday-Blitz-September-26-2023"]
[Site "Chess.com"]
[Date "2023.09.26"]
[Round "5"]
[White "Shuvalov"]
[Black "CraiggoryC"]
[Result "1-0"]
[WhiteElo "2474"]
[BlackElo "2253"]
[TimeControl "180+1"]
[EndTime "8:58:17 PDT"]
[Termination "Shuvalov won on time"]

1. d4 e6 2. e4 d5 3. Nc3 Bb4 4.
e5 c5 5. a3 Bxc3+ 6. bxc3 Ne7 7.
Qg4 Qc7 8. Qxg7 Rg8 9. Qxh7 cxd4 10.
Ne2 Nbc6 11. f4 dxc3 12. h4 Bd7 13. h5 O-O-O 14. Qd3 d4 15. Rb1 Nf5 16. Rg1 Rg4 17. g3 Rdg8 18. Bh3 R4g7 19. g4 Nfe7 20. Kf2 Nd5 21. g5 Nxe5 22. fxe5 Qxe5 23. Rg3 f5 24. Qxd4 Qc7 25. Nxc3 f4 26. Rd3 e5 27. Qxd5 Bxh3 28.
Ne4 Bf5 29. Rc3 Bxe4 30. Rxc7+ Rxc7 31. Qxe4 Rxg5 32. Bb2 Rxh5 33. Rh1 Rxh1 34. Qxh1 Rxc2+ 35. Kf3 Rxb2 36. Qh8+ Kd7 37. Qxe5 Rb3+ 38. Kxf4 Rxa3 39. Qd5+ 1-0

[Event "Early-Titled-Tuesday-Blitz-September-26-2023"]
[Site "Chess.com"]
[Date "2023.09.26"]
[Round "5"]
[White "Doudou2015"]
[Black "ChessArchitect64"]
[Result "0-1"]
[WhiteElo "2172"]
[BlackElo "2255"]
[TimeControl "180+1"]
[EndTime "8:58:18 PDT"]
[Termination "ChessArchitect64 won on time"]

1. b3 Nf6 2. Bb2 e6 3. e3 Be7 4. f4 O-O 5. Nf3 d5 6. Bd3 c5 7.
Nc3 Nc6 8. a3 d4 9. Ne4 Nd5 10.
Qe2 f5 11. Neg5 e5 12. Bc4 e4 13. Ng1 Bxg5 14. fxg5 Be6 15. Nh3 f4 16. Bxd5 Bxd5 17. Nxf4 Qxg5 18. Nxd5 Qxd5 19. O-O-O d3 20. cxd3 exd3 21. Qg4 Rf7 22. Qc4 Qxc4+ 23. bxc4 Na5 24. Rhf1 Nb3+ 25. Kb1 Nxd2+ 26. Rxd2 Rxf1+ 27. Ka2 Rd8 28. Kb3 Re1 29. Be5 Re2 30. Kc3 Rxd2 31. Kxd2 b6 32. a4 Kf7 0-1

[Event "Early-Titled-Tuesday-Blitz-September-26-2023"]
[Site "Chess.com"]
[Date "2023.09.26"]
[Round "5"]
[White "Mikhail_Bryakin"]
[Black "TigrVShlyape"]
[Result "1-0"]
[WhiteElo "2847"]
[BlackElo "2953"]
[TimeControl "180+1"]
[EndTime "8:58:19 PDT"]
[Termination "Mikhail_Bryakin won on time"]

1. d4 f5 2. Nc3 Nf6 3. Bg5 d5 4. Bxf6 exf6 5. e3 Be6 6. h4 h5 7. Nge2 g6 8. Nf4 Bf7 9. Qf3 Bb4 10. Bd3 Nc6 11. Ne2 Qd7 12. a3 Bf8 13. Nf4 Ne7 14. O-O-O c6 15. Kb1 Nc8 16. Qe2 Nd6 17. f3 O-O-O 18. Qf2 Bh6 19. g3 Kb8 20. Rhe1 Rhe8 21.
Na4 b6 22. Qd2 Re7 23. Qb4 Ka8 24. Qd2 Rde8 25. Nc3 g5 26. Ng2 Nc4 27. Bxc4 dxc4 28. Qf2 b5 29. e4 Bg6 30. e5 Bg7 31. f4 g4 32. Ne3 Qb7 33. Re2 Rd7 34. Red2 Bf8 35.
d5 cxd5 36. Ncxd5 fxe5 37. Nb6+ Qxb6 38. Rxd7 Bc5 39. Qd2 Bxe3 40. Qd5+ Kb8 41. Rd6 Qc5 42. Rd8+ Rxd8 43. Qxd8+ Kb7 44. Rd7+ Ka6 45. Rd6+ Kb7 46. Qe7+ 1-0

[Event "Early-Titled-Tuesday-Blitz-September-26-2023"]
[Site "Chess.com"]
[Date "2023.09.26"]
[Round "5"]
[White "AlmasRakhmatullaev"]
[Black "DanielNaroditsky"]
[Result "1/2-1/2"]
[WhiteElo "2789"]
[BlackElo "3144"]
[TimeControl "180+1"]
[EndTime "8:58:19 PDT"]
[Termination "Game drawn by repetition"]

1. e4 c5 2. Nf3 d6 3. d4 cxd4 4. Qxd4 Nf6 5. h3 Nc6 6. Qe3 g6 7. Be2 Bg7 8. O-O O-O 9. Rd1 Be6 10. Nc3 Nd7 11. Ng5 Nc5 12. a3 Rc8 13. Rb1 Bd7 14.
Nf3 Be6 15. Ng5 Bd7 16. Nf3 f5 17. Bc4+ Kh8 18. b4 Nxe4 19. Nxe4 fxe4 20. Qxe4 Rxf3 21. gxf3 Bf5 22. Qe2 Nd4 23. Rxd4 Bxd4 24. Bg5 Qc7 25. Bb3 Kg7 26. Qxe7+ Qxe7 27. Bxe7 Bxc2 28. Rc1 Re8 29. Rxc2 Rxe7 30. Bd5 Kf6 31. Kg2 b6 32. f4 h6 33. Kf3 g5 34. Rd2 Bc3 35. Rc2 Bd4 36. Rd2 Bc3 37. Rc2 Bd4 1/2-1/2

[Event "Early-Titled-Tuesday-Blitz-September-26-2023"]
[Site "Chess.com"]
[Date "2023.09.26"]
[Round "5"]
[White "Eagle_2019"]
[Black "Eloist"]
[Result "1-0"]
[WhiteElo "2698"]
[BlackElo "2492"]
[TimeControl "180+1"]
[EndTime "8:58:19 PDT"]
[Termination "Eagle_2019 won by resignation"]

1. d4 e6 2. c4 Nf6 3. Nf3 b6 4. Bg5 h6 5. Bxf6 Qxf6 6. e4 Bb4+ 7. Nc3 Bxc3+ 8. bxc3 d6 9. Bd3 O-O 10. e5 dxe5 11.
Be4 c6 12. Nxe5 Ba6 13. Qa4 Bb7 14. O-O Rc8 15. Rab1 Qe7 16. Rfe1 Qc7 17. c5 bxc5 18. dxc5 Nd7 19. Nxd7 Qxd7 20. Red1 Qc7 21. Rd6 Rd8 22.
Rbd1 Rxd6 23. Rxd6 Rd8 24. Qxa7 Rxd6 25. cxd6 Qxd6 26.
g3 f5 27. Bf3 Bc8 28. Qa8 Qc7 29. Qxc6 Qxc6 30. Bxc6 Ba6 31. a4 Kf7 32. Bb5 Bb7 33. a5 Ke7 34. a6 Ba8 35. f4 Kd6 36. Kf2 e5 37. fxe5+ Kxe5 38. Be2 Kd6 39. c4 Kc5 40. Bf3 Bxf3 41. Kxf3 g5 42. a7 1-0